 Dungeon Crawl Stone Soup version 0.20-a0-738-gb057e68 (webtiles) character file.

3592 AlphabetPasta the Skirmisher (level 9, -3/57 HPs)
             Began as a Deep Elf Fighter on Feb 23, 2017.
             Was a Believer of Wu Jian.
             Slain by an orc warrior
             ... wielding a +0 trident
              (17 damage)
             ... on level 6 of the Dungeon on Feb 24, 2017.
             The game lasted 00:39:24 (8727 turns).

AlphabetPasta the Skirmisher (Deep Elf Fighter)     Turns: 8727, Time: 00:39:24

Health: -3/57      AC: 12    Str: 21    XL:     9   Next: 85%
Magic:  12/12      EV: 12    Int: 14    God:    Wu Jian [**....]
Gold:   114        SH: 10    Dex: 14    Spells: 8/8 levels left

rFire    . . .     SeeInvis .   a - +1 rapier
rCold    . . .     Gourm    +   b - +0 scale mail
rNeg     . . .     Faith    .   c - +0 shield
rPois    .         Spirit   .   p - +1 helmet
rElec    .         Reflect  .   e - +0 cloak
rCorr    .         Harm     .   o - +0 pair of gloves
MR       .....                  (no boots)
Stlth    ..........             D - amulet of the gourmand
Regen    0.2/turn               (no ring)
MPRegen  0.2/turn               C - ring of flight

@: mighty
A: no striking features
a: Renounce Religion, Evoke Flight


You were on level 6 of the Dungeon.
You worshipped Wu Jian.
Wu Jian was pleased with you.
You were very full.

You visited 1 branch of the dungeon, and saw 6 of its levels.
You also visited: Sewer.

You collected 404 gold pieces.
You spent 290 gold pieces at shops.

Inventory:

Hand Weapons
 a - a +1 rapier (weapon)
Missiles
 i - 53 arrows
 k - 11 javelins (quivered)
Armour
 b - a +0 scale mail (worn)
 c - a +0 shield (worn)
 e - a +0 cloak (worn)
 o - a +0 pair of gloves (worn)
 p - a +1 helmet (worn)
Jewellery
 C - a ring of flight (left hand)
 D - an amulet of the gourmand (around neck)
Wands
 u - a wand of confusion (48/48)
 B - a wand of flame (18/48)
Scrolls
 d - 4 scrolls of remove curse
 l - a scroll of enchant armour
 q - a scroll of identify
 v - a scroll of teleportation
 w - a scroll of magic mapping
 y - a scroll of holy word
 A - 2 scrolls of blinking
Potions
 g - 2 potions of might
 h - 2 potions of flight
 j - a potion of lignification
 m - a potion of cancellation
 n - a potion of haste
 r - a potion of invisibility
 s - 3 potions of curing
 t - 3 potions of brilliance
 x - 3 potions of heal wounds
 z - 2 potions of agility
Comestibles
 f - 3 bread rations
 E - 3 chunks of flesh


   Skills:
 * Level 7.3 Fighting
 + Level 6.0 Short Blades
 + Level 5.2 Armour
 + Level 6.7 Dodging
 + Level 5.1 Shields
 + Level 2.5 Evocations


You had 8 spell levels left.
You didn't know any spells.

Dungeon Overview and Level Annotations

Branches:
Dungeon (6/15)
 Temple: D:4-7

Altars:
Dithmenos
Fedhas
Gozag
Hepliaklqana
Kikubaaqudgha
Sif Muna
Wu Jian

Shops:
D:5 ?


Message History

You block the orc wizard's attack.
The orc wizard hits you but does no damage.
The orc warrior barely misses you.
You closely miss the orc warrior.
The orc warrior is almost dead.
The orc wizard hits you with a dagger.
The orc warrior hits you but does no damage.
You barely miss the orc warrior.
The orc warrior is almost dead.
You block the orc wizard's attack. The orc wizard hits you with a dagger.
* * * LOW HITPOINT WARNING * * *
You closely miss the orc warrior.
The orc warrior is almost dead.
You block the orc warrior's attack. You block the orc wizard's attack.
You hit the orc warrior.
The orc warrior is almost dead.
The orc wizard casts a spell at you. You block the puff of frost.
The orc warrior hits you with a trident!
You die...

##### #.oo#
#.#@## #.#..#
#)##.#######
#.##.......#####
#.###....P..P..##
#.# #..≈≈≈≈P≈≈P..
#.# #...P≈≈≈P≈≈..
#.# #♣≈≈≈≈≈≈≈≈P≈P
#.# #P≈≈♣≈≈≈≈≈≈≈.


You could see an orc warrior and an orc wizard.

Vanquished Creatures
  Pikel (D:5)
  Grinder (D:3)
  Sigmund (D:2)
  4 yaks (D:6)
  Menkaure (D:5)
  The ghost of AlphabetPasta the Vexing, an amateur HuAM (D:3)
  An orc warrior (D:6)
  An ice beast (D:5)
  A sky beast (D:5)
  A phantom (D:4)
  3 ogres
  4 big kobolds
  A bullfrog (D:6)
  2 scorpions (D:5)
  2 electric eels (D:6)
  2 crimson imps (D:5)
  4 hounds
  3 orc priests
  An orc wizard (D:3)
  2 worker ants (D:5)
  A worker ant zombie (D:6)
  11 gnolls (D:3)
  5 adders
  10 river rats (Sewer)
  An ooze (D:4)
  An adder skeleton (D:4)
  7 worms
  4 leopard geckos
  7 orcs
  11 ball pythons
  11 bats
  10 giant cockroaches
  28 goblins
  30 hobgoblins
  32 kobolds
  4 quokkas
  5 frilled lizards
  23 rats
238 creatures vanquished.

Vanquished Creatures (others)
  A slave (D:5)
  An iguana (D:5)
  An orc wizard (D:5)
3 creatures vanquished.

Grand Total: 241 creatures vanquished

Notes
Turn   | Place    | Note
-------+----------+-------------------------------------------
     0 | D:1      | AlphabetPasta the Deep Elf Fighter began the quest for the Orb.
     0 | D:1      | Reached XP level 1. HP: 13/13 MP: 3/3
   115 | D:1      | Reached XP level 2. HP: 16/18 MP: 4/4
   118 | D:1      | Reached skill level 1 in Dodging
   658 | D:1      | Reached XP level 3. HP: 20/22 MP: 5/5
  1132 | D:2      | Noticed Sigmund
  1492 | D:2      | Killed Sigmund
  1492 | D:2      | Reached skill level 3 in Fighting
  1492 | D:2      | Reached XP level 4. HP: 15/28 MP: 6/6
  1492 | D:2      | Reached XP level 5. HP: 17/32 MP: 7/7
  2359 | D:3      | Noticed AlphabetPasta's ghost (amateur HuAM)
  2947 | D:3      | Reached XP level 6. HP: 34/37 MP: 8/8
  2988 | D:3      | Reached skill level 4 in Fighting
  3536 | D:3      | Reached XP level 7. HP: 44/44 MP: 9/9
  3929 | D:3      | Noticed Grinder
  3934 | D:3      | Paralysed by Grinder for 6 turns
  3943 | D:3      | Paralysed by Grinder for 2 turns
  3950 | D:3      | Paralysed by Grinder for 4 turns
  3982 | D:3      | Killed Grinder
  4389 | D:3      | Reached skill level 5 in Fighting
  5254 | D:3      | Killed AlphabetPasta's ghost
  5254 | D:3      | Reached XP level 8. HP: 31/49 MP: 10/10
  5355 | D:4      | Found an ancient bone altar of Kikubaaqudgha.
  5397 | D:4      | Found an ornate altar of the Wu Jian Council.
  5408 | D:4      | Became a worshipper of the Wu Jian Council
  5418 | D:4      | Found a blossoming altar of Fedhas.
  5768 | D:4      | Found an opulent altar of Gozag.
  5769 | D:4      | Found a deep blue altar of Sif Muna.
  5770 | D:4      | Found a hazy altar of Hepliaklqana.
  6070 | D:5      | Entered Level 5 of the Dungeon
  6154 | D:5      | Found a glowing drain.
  6203 | Sewer    | Entered a sewer
  6597 | Sewer    | Reached * piety under Wu Jian
  6815 | Sewer    | Reached skill level 5 in Dodging
  7011 | D:5      | Reached skill level 6 in Fighting
  7029 | D:5      | Noticed Pikel
  7061 | D:5      | Killed Pikel
  7061 | D:5      | Reached skill level 5 in Short Blades
  7061 | D:5      | Reached XP level 9. HP: 29/56 MP: 11/11
  7518 | D:5      | Found Ixkeg's Magic Scroll Emporium.
  7526 | D:5      | Bought 3 scrolls of identify for 66 gold pieces
  7526 | D:5      | Bought a scroll of magic mapping for 38 gold pieces
  7526 | D:5      | Bought a scroll of holy word for 82 gold pieces
  7526 | D:5      | Bought a scroll of blinking for 82 gold pieces
  7526 | D:5      | Bought a scroll of identify for 22 gold pieces
  7632 | D:5      | Noticed Menkaure
  7640 | D:5      | Killed Menkaure
  8063 | D:6      | Found a shadowy altar of Dithmenos.
  8109 | D:6      | Reached skill level 1 in Evocations
  8111 | D:6      | Reached skill level 5 in Armour
  8115 | D:6      | Reached skill level 7 in Fighting
  8128 | D:6      | Reached skill level 5 in Shields
  8590 | D:6      | Reached ** piety under Wu Jian
  8727 | D:6      | Slain by an orc warrior

Vault maps used:
D:1:      mrwooster_arrival_arrow, minmay_tall_x
D:2:      first_bread, minmay_pentomino_o2, uniq_sigmund
D:3:      minmay_goblin_kobold_castle, uniq_grinder
D:4:      kiku_gazebo_pond_becter, lemuel_crystal_altar, fedhas_altar_4,
          minitemple, hangedman_decor_clover_reticule
D:5:      serial_shops, shop, portal_sewer_entry_f, uniq_pikel, uniq_menkaure
D:6:      old_standard_altar, minmay_temple_entry_junction, serial_bayou_pond_b
Sewer:    sewer_minmay_treatment

Skill      XL: |  1  2  3  4  5  6  7  8  9 |
---------------+----------------------------+-----
Dodging        | 1 2 3 4 5 6 |  6.7
Fighting       | 3 4 5 6 7 |  7.3
Short Blades   | 3 4 5 6 |  6.0
Armour         | 3 4 5 |  5.2
Shields        | 3 4 5 |  5.1
Evocations     | 2 |  2.5

Action                   |  1- 3 |  4- 6 |  7- 9 || total
-------------------------+-------+-------+-------++-------
Melee: Rapier            |   145 |   274 |   726 ||  1145
Throw: Javelin           |    10 |     3 |       ||    13
Evoke: Wand              |       |       |     4 ||     4
  Use: Scroll            |     5 |     2 |    12 ||    19
       Potion            |     1 |       |     6 ||     7
  Eat: Royal jelly       |     1 |       |     2 ||     3
       Chunk             |       |     7 |    18 ||    25
       Bread ration      |       |       |     1 ||     1
Armor: Scale mail        |    53 |    95 |   207 ||   355
       Skin              |       |       |     6 ||     6
       Chain mail        |       |       |     1 ||     1
Dodge: Dodged            |    32 |    66 |   212 ||   310
Block: Shield            |    50 |   110 |   255 ||   415
